AoeStats
← 荒野一條蟲

Arena

507904800Analyzed
4v4 RM · 14d ago on Sep 20, 2026· 17m 40s· 8 players
Game mode
Random Map
Map size
Large (8 player)
Population
200
Speed
Normal
Resources
Standard
Victory
Conquest
Starting age
Dark Age
Ending age
Imperial Age
RankedLock teamsTeams togetherTeam positionsShared explorationLock speedFull tech treeHidden civsTurbo modeCheats
Victory
Defeat
🇹🇼 Aztecs · Taiwan
1334
+16
🇹🇼 Hindustanis · Taiwan
1305
+18
🇺🇸 Persians · United States
1252
+20
🇨🇳 Saracens · China
1230
+21
🇺🇸 Wei · United States
1386
-20
🇺🇸 Cumans · United States
1361
-20
🇺🇸 Maya · United States
1360
-20
🇦🇺 Bulgarians · Australia
1249
-15
OnionStorM
9:54 Feudal Age
14:24 Castle Age
12:44 Horse Collar
14:12 Double-Bit Axe
16:46 Bow Saw
Slayer
10:06 Feudal Age
14:18 Castle Age
13:27 Loom
13:30 Double-Bit Axe
15:46 Horse Collar
荒野一條蟲
11:01 Feudal Age
10:36 Loom
14:18 Fletching
14:26 Horse Collar
14:34 Double-Bit Axe
wuyu
10:59 Feudal Age
15:20 Castle Age
13:32 Double-Bit Axe
14:16 Loom
not sure
8:48 Feudal Age
9:26 Double-Bit Axe
10:02 Horse Collar
16:17 Wheelbarrow
19:30 Castle Age
[um] The Inland taipan
0:29 Loom
11:54 Feudal Age
15:38 Castle Age
Dark Magician
10:48 Feudal Age
11:23 Double-Bit Axe
11:19 Horse Collar
11:56 Gold Mining
11:56 Stone Mining
12:44 Wheelbarrow
17:43 Castle Age
Shotel California
6:52 Loom
9:20 Feudal Age
16:46 Double-Bit Axe
Connection lost

Rejoining the realm…

Still unreachable

The connection could not be restored.

Session expired

The server has moved on; the page needs a fresh start.